 Dungeon Crawl Stone Soup version 0.29.0-10-g45618ea6d2 (webtiles) character file.

Game seed: 4851538187763736645

2587 Snarg the Vexing (level 9, 41/41 HPs)
             Began as a Spriggan Conjurer on Sept 1, 2022.
             Was a Believer of Lugonu.
             Quit the game on level 7 of the Dungeon.
             The game lasted 00:39:36 (10883 turns).

Snarg the Vexing (Spriggan Conjurer)               Turns: 10883, Time: 00:39:37

Health: 41/41      AC:  5    Str:  3    XL:     9   Next: 32%
Magic:  23/23      EV: 19    Int: 24    God:    Lugonu [**....]
Gold:   229        SH:  0    Dex: 13    Spells: 4/14 levels left

rFire   . . .      SeeInvis +   a - +0 dagger (venom)
rCold   . . .      Faith    .   (no shield)
rNeg    . . .      Spirit   .   f - +1 robe
rPois   .          Reflect  .   (helmet restricted)
rElec   .          Harm     .   C - +1 cloak
rCorr   .          Rampage  .   (gloves unavailable)
Will    +....                   (boots unavailable)
Stlth   +++.......              (no amulet)
HPRegen 0.13/turn               D - ring of magical power
MPRegen 0.18/turn               (no ring)

@: very quick
A: very small, no large weapons, unfitting armour, see invisible, speed 3
a: Renounce Religion, Depart the Abyss, Bend Space


You were on level 7 of the Dungeon.
You worshipped Lugonu.
Lugonu was pleased with you.
You visited 2 branches of the dungeon, and saw 8 of its levels.

You collected 379 gold pieces.
You spent 150 gold pieces at shops.

Inventory:

Hand Weapons
 a - a +0 dagger of venom (weapon)
 m - a +0 short sword
 s - a +0 rapier
 t - a +4 whip
 x - a +0 dagger
 B - a +1 shortbow of freezing
Missiles
 e - 77 stones
 l - 22 poisoned darts
 E - 3 boomerangs
Armour
 f - a +1 robe (worn)
 C - a +1 cloak (worn)
Magical Staves
 w - a staff of cold
Jewellery
 D - a ring of magical power (left hand)
Wands
 z - a wand of charming (3)
Scrolls
 d - 2 scrolls of magic mapping
 h - 3 scrolls of teleportation
 i - a scroll of enchant weapon {unknown}
 k - a scroll of vulnerability
 o - 7 scrolls of blinking
 p - a scroll of noise {unknown}
 q - 4 scrolls of immolation
 r - a scroll of poison {unknown}
 y - a scroll of silence {unknown}
 F - a scroll of enchant armour
Potions
 b - 2 potions of magic
 c - 2 potions of resistance
 g - a potion of lignification
 j - a potion of haste {unknown}
 n - 4 potions of heal wounds
 u - a potion of ambrosia
 v - 2 potions of might {unknown}
 A - a potion of mutation
 G - a potion of curing {unknown}


   Skills:
 - Level 1.0 Fighting
 - Level 4.0 Short Blades
 - Level 1.0 Throwing
 - Level 6.7 Dodging
 - Level 5.0 Stealth
 - Level 3.0 Spellcasting
 + Level 6.9 Conjurations
 * Level 7.9 Hexes
 + Level 1.4 Evocations


You had 4 spell levels left.
You knew the following spells:

 Your Spells              Type           Power      Damage    Failure   Level
a - Magic Dart            Conj           100%       1d8       1%          1
b - Searing Ray           Conj           72%        2d7       1%          2
c - Dazzling Flash        Conj/Hex       78%        N/A       1%          3
d - Fulminant Prism       Conj/Hex       19%        3d11      5%          4

Your spell library contained the following spells:

 Spells                   Type           Power      Damage    Failure   Level
 Mephitic Cloud           Conj/Pois/Air  14%        N/A       13%         3
 Call Imp                 Summ           3%         N/A       16%         2
 Iskenderun's Mystic Bla  Conj/Tloc      20%        2d6       26%         4
 Gell's Gravitas          Tloc           3%         N/A       32%         3
 Ozocubu's Armour         Ice            3%         N/A       32%         3
 Teleport Other           Tloc           3%         N/A       32%         3
 Metabolic Englaciation   Hex/Ice        11%        N/A       52%         5
 Dispersal                Tloc           1%         N/A       100%        6
 Simulacrum               Ice/Necr       1%         N/A       100%        6


Dungeon Overview and Level Annotations

Branches:
Dungeon (7/15)             Temple (1/1) D:7

Altars:
Ashenzari
Cheibriados
Dithmenos
Elyvilon
Gozag
Hepliaklqana
Kikubaaqudgha
Makhleb
Nemelex Xobeh
Okawaru
Qazlal
Ru
Sif Muna
Trog
Uskayaw
Vehumet
Wu Jian
Xom
Zin
Lugonu

Shops:
D:4 !:![?

Annotations:
D:1 clr
D:2 clr
D:3 clr
D:4 shops
D:5 clr
D:6 clr
D:7 Prince Ribbit


Innate Abilities, Weirdness & Mutations

You are very small and have problems with some larger weapons.
You are too small for most types of armour.
You have supernaturally acute eyesight. (SInv)
You cover ground extremely quickly. (Speed+++)


Message History

Casting: Fulminant Prism (dangerous; 5% risk of failure)
Confirm with . or Enter, or press ? or * to list all spells.
Aiming: Fulminant Prism (dangerous; 5% risk of failure)
Press: ? - help, Dir - move target You conjure a prism of explosive energy!
A fulminant prism comes into view.
Casting: Fulminant Prism (dangerous; 5% risk of failure)
Confirm with . or Enter, or press ? or * to list all spells.
Aiming: Searing Ray (safe; 1% risk of failure)
Press: ? - help, Shift-Dir - straight line, f - steam dragon
Aim: a steam dragon (moderately wounded, ally target, 81% to hit)
The searing ray hits the steam dragon.
The steam dragon is heavily wounded. (Press . to maintain the ray.)
Your fulminant prism crackles loudly.
The searing ray hits the steam dragon!
The steam dragon is severely wounded.
The steam dragon breathes steam at you. The ball of steam misses you.
Your fulminant prism explodes!
The blast of energy engulfs the steam dragon!!
You kill the steam dragon!
Lugonu accepts your kill.
You are engulfed in a cloud of scalding steam.
You start resting.
HP restored.
Magic restored.
There is an open door here.
There is an open door here.
There is an open door here.
v - 2 amethyst potions (gained 1)
You open the door.
Found an escape hatch in the floor.
There is an open door here.
Found a shadowy altar of Dithmenos.
Found an opulent altar of Gozag.
Okay, then.
Unknown command.
Unknown command.
Are you sure you want to abandon this character and quit the game? (Confirm with "yes".)

### ... #
#######.#..#
####
#....+._...#
#... #...@.#
#...
#....#.....#
#... #...##
8..8##########
#..>#
...⌠#.##.####
#...#
.###........
#...#
._#........
#...#
##........
#...#
#........
##'####
#.#######


There were no monsters in sight!

Vanquished Creatures
  2 steam dragons (D:7)
  Duvessa (D:7)
  2 water moccasins (D:7)
  An ice beast (D:4)
  2 sky beasts
  An ogre (D:4)
  2 centaurs
  2 phantoms
  A kobold brigand (D:6)
  A bullfrog (D:6)
  2 scorpions (D:4)
  2 necrophages (D:6)
  Dowan (D:7)
  A wight (D:7)
  A howler monkey (D:6)
  A jelly (D:5)
  6 hounds
  4 orc priests (D:7)
  An iguana (D:5)
  6 orc wizards
  A scorpion zombie (D:3)
  A hound zombie (D:3)
  8 adders
  A shadow imp (D:7)
  2 ufetubi (D:5)
  An adder zombie (D:3)
  2 worms
  9 dart slugs
  24 orcs
  3 ball pythons
  5 endoplasms
  4 giant cockroaches
  12 goblins
  11 hobgoblins
  4 jackals (D:2)
  15 kobolds
  5 quokkas
  A ball python skeleton (D:3)
  A ball python zombie (D:3)
  8 bats
  10 frilled lizards
  6 rats
174 creatures vanquished.

Vanquished Creatures (collateral kills)
  An iguana (D:5)
  An orc (D:5)
  An endoplasm (D:3)
  A quokka skeleton (D:3)
4 creatures vanquished.

Vanquished Creatures (others)
  9 fulminant prisms (D:7)
9 creatures vanquished.

Grand Total: 187 creatures vanquished

Notes
Turn   | Place    | Note
-------+----------+-------------------------------------------
     0 | D:1      | Snarg the Spriggan Conjurer began the quest for the Orb.
     0 | D:1      | Reached XP level 1. HP: 9/9 MP: 5/5
   313 | D:1      | Reached XP level 2. HP: 13/13 MP: 3/6
   354 | D:1      | Learned a level 2 spell: Searing Ray
   868 | D:1      | Reached XP level 3. HP: 13/16 MP: 4/8
  1558 | D:2      | Reached skill level 1 in Short Blades
  1635 | D:2      | Found a faded altar of an unknown god.
  2287 | D:2      | Reached XP level 4. HP: 21/21 MP: 7/9
  2293 | D:2      | Learned a level 3 spell: Dazzling Flash
  2573 | D:2      | Identified the +2 helmet of Kilycih {rPois rF++ Str-3
                  | Dex+5}
  3320 | D:3      | Reached skill level 1 in Hexes
  3380 | D:3      | Reached XP level 5. HP: 24/24 MP: 6/10
  3670 | D:3      | Found a bloodstained altar of Trog.
  4013 | D:4      | Found Yhiq's Magic Scroll Emporium.
  4020 | D:4      | Bought a scroll of blinking for 75 gold pieces
  4020 | D:4      | Bought a scroll of magic mapping for 75 gold pieces
  4107 | D:4      | Found Rofedu's Distillery.
  4363 | D:4      | Reached XP level 6. HP: 29/29 MP: 8/11
  4369 | D:4      | Learned a level 4 spell: Fulminant Prism
  4427 | D:4      | Reached skill level 2 in Hexes
  4439 | D:4      | Found Lycotesm's Armour Shoppe.
  4977 | D:4      | Found Doczamiahu's Distillery.
  5254 | D:4      | Found Qicot's Book Shop.
  5352 | D:4      | Reached skill level 1 in Fighting
  5352 | D:4      | Reached skill level 5 in Stealth
  5692 | D:5      | Entered Level 5 of the Dungeon
  5801 | D:5      | Reached XP level 7. HP: 33/33 MP: 5/12
  5884 | D:4      | Reached skill level 3 in Hexes
  6168 | D:5      | Found a sparkling altar of Nemelex Xobeh.
  6724 | D:5      | Reached skill level 5 in Conjurations
  6724 | D:5      | Reached skill level 4 in Hexes
  7345 | D:6      | Reached XP level 8. HP: 37/37 MP: 8/13
  7472 | D:6      | Reached skill level 5 in Hexes
  7474 | D:6      | Reached skill level 5 in Dodging
  7703 | D:6      | Found an iron altar of Okawaru.
  8012 | D:6      | Reached skill level 6 in Hexes
  8820 | D:7      | Noticed Prince Ribbit
  8847 | D:7      | Reached skill level 1 in Throwing
  9068 | D:7      | Reached skill level 1 in Evocations
  9219 | D:7      | Reached skill level 7 in Hexes
  9238 | D:7      | Reached XP level 9. HP: 41/41 MP: 14/14
  9297 | D:7      | Found a staircase to the Ecumenical Temple.
  9464 | Temple   | Entered the Ecumenical Temple
  9705 | D:2      | Prayed at the altar of an unknown god.
  9705 | D:2      | Became a worshipper of Lugonu the Unformed
  9705 | D:2      | Reached * piety under Lugonu
  9705 | D:2      | Reached ** piety under Lugonu
  9878 | D:7      | Noticed Dowan
  9907 | D:7      | Noticed Duvessa
  9914 | D:7      | Killed Duvessa
  9929 | D:7      | Killed Dowan
 10063 | D:7      | HP: 1/41 [something/ball of steam (17)]
 10878 | D:7      | Found a shadowy altar of Dithmenos.
 10882 | D:7      | Found an opulent altar of Gozag.
 10883 | D:7      | Quit the game

Illustrated notes

Levels and vault maps discovered:
D:1:      psy_arrival_statuary, layout_basic
D:2:      layout_loops_ring, dreamdust_ecumenical_altar_statues,
          minmay_lizard_pond
D:3:      layout_rooms, mainiacjoe_overflow_surrounded_room, serial_undead,
          serial_undead_f, serial_undead_d, serial_undead_b, serial_undead_d,
          st_stairs_12, grunt_decor_arrowhead
D:4:      layout_basic, serial_shops, shop, nicolae_inconvenience_store, shop,
          shop, shop
D:5:      kennysheep_slugbush, layout_gridville,
          mainiacjoe_overflow_cross_hatched
D:6:      layout_loops_cross, okawaru_trees_1
D:7:      layout_gridville, lemuel_crystal_altar, minitemple, temple_pool_b,
          uniq_menkaure, uniq_prince_ribbit1, uniq_duvessa
Temple:   nicolae_temple_great_sept

Skill      XL: |  1  2  3  4  5  6  7  8 |
---------------+-------------------------+-----
Conjurations   | 3 4 5 6 |  6.9
Spellcasting   | 3 |  3.0
Short Blades   | 1 2 3 4 |  4.0
Dodging        | 3 4 6 |  6.7
Hexes          | 1 2 4 7 |  7.9
Stealth        | 4 5 |  5.0
Fighting       | 1 |  1.0
Throwing       | 1 |  1.0
Evocations     | 1 |  1.4

Action                   |  1- 3 |  4- 6 |  7- 9 || total
-------------------------+-------+-------+-------++-------
Melee: Dagger            |    73 |    79 |   105 ||   257
       Whip              |       |     3 |       ||     3
       Punch             |       |     1 |     2 ||     3
Throw: Dart              |       |     1 |     2 ||     3
 Cast: Magic Dart        |    54 |    69 |    23 ||   146
       Searing Ray       |     9 |    22 |    36 ||    67
       Dazzling Flash    |       |     3 |    13 ||    16
       Fulminant Prism   |       |       |     9 ||     9
Evoke: Wand              |       |       |     2 ||     2
  Use: Scroll            |       |     6 |     4 ||    10
 Stab: Sleeping          |     5 |     7 |     6 ||    18
       Invisible         |       |     1 |     8 ||     9
Armor: Robe              |     9 |    10 |    14 ||    33
Dodge: Dodged            |    72 |    87 |   115 ||   274
